 Dungeon Crawl Stone Soup version 0.29.1-15-g9cfb28693d (webtiles) character file.

Game seed: 2604446519408478179

18 Gustavia the Grave Robber (level 2, 0/19 HPs)
             Began as a Demonspawn Necromancer on Feb 28, 2023.
             Slain by a jackal (3 damage)
             ... on level 2 of the Dungeon.
             The game lasted 00:08:16 (1996 turns).

Gustavia the Grave Robber (Demonspawn Necromancer)  Turns: 1996, Time: 00:08:17

Health: 0/19       AC:  2    Str:  7 (8)  XL:     2   Next: 48%
Magic:  2/5        EV: 12    Int: 15 (16) God:
Gold:   8          SH:  0    Dex: 12 (13) Spells: 4/5 levels left

rFire   . . .      SeeInvis .   c - +1 dagger
rCold   . . .      Faith    .   (no shield)
rNeg    . . .      Spirit   .   a - +0 robe
rPois   .          Reflect  .   (no helmet)
rElec   .          Harm     .   (no cloak)
rCorr   .          Rampage  .   (no gloves)
Will    .....                   (no boots)
Stlth   ++........              (no amulet)
HPRegen 0.06/turn               (no ring)
MPRegen 0.09/turn               (no ring)

@: no status effects
A: ignite blood 1
a: no special abilities


You were on level 2 of the Dungeon.
You visited 1 branch of the dungeon, and saw 2 of its levels.

You collected 8 gold pieces.

Inventory:

Hand Weapons
 c - a +1 dagger (weapon)
Armour
 a - a +0 robe (worn)
 b - a +0 ring mail of fire resistance
Magical Staves
 e - a staff of earth
Scrolls
 d - 2 scrolls of poison


   Skills:
 + Level 1.8 Dodging
 + Level 1.8 Stealth
 + Level 2.2 Spellcasting
 + Level 4.9 Necromancy


You had 4 spell levels left.
You knew the following spells:

 Your Spells              Type           Power      Damage    Failure   Level
a - Necrotise             Necr           64%        1d7       2%          1

Your spell library contained the following spells:

 Spells                   Type           Power      Damage    Failure   Level
 Vampiric Draining        Necr           16%        2d7       9%          3
 Animate Dead             Necr           16%        N/A       28%         4
 Agony                    Necr           16%        N/A       61%         5


Dungeon Overview and Level Annotations

Branches:
Dungeon (2/15)

Altars:

Annotations:
D:2 Terence


Innate Abilities, Weirdness & Mutations

Your demonic aura sometimes causes spilled blood to erupt in flames.


Message History

The adder barely misses you.
You swap places.
The jackal barely misses your jackal skeleton.
Something bites your jackal skeleton.
Your jackal skeleton bites the jackal but does no damage. x2
The adder bites your jackal skeleton. Something bites your jackal skeleton.
The jackal bites your jackal skeleton.
Your jackal skeleton is destroyed!
Terence the Incautious comes into view.
He is wielding a +0 falchion.
Casting: Necrotise (safe; 2% risk of failure)
Confirm with . or Enter, or press ? or * to list all spells.
Okay, then.
The jackal bites you but does no damage.
The jackal bites something.
The adder completely misses you.
You hit the adder.
The adder is lightly wounded.
The jackal barely misses you.
The jackal bites something.
The adder barely misses you. The jackal misses you.
You hit the adder but do no damage. The adder bites you.
The jackal bites you but does no damage.
The adder barely misses you.
You miss the adder. The jackal barely misses you. The adder closely misses you.
An endoplasm comes into view.
The adder bites you. The jackal bites you.
The endoplasm quivers.
You hit the adder.
The adder is moderately wounded.
The adder bites you but does no damage. The jackal barely misses you.
The adder closely misses you. The jackal attacks as you move away!
The jackal bites you.
* * * LOW HITPOINT WARNING * * *
The adder attacks as you move away! The adder completely misses you.
The jackal closely misses you. The jackal attacks as you move away!
The jackal bites you.
* * * LOW HITPOINT WARNING * * *
The jackal closely misses you. The jackal bites you.
* * * LOW HITPOINT WARNING * * *
The jackal bites you.
You die...

#.## #...#
...#...#
..###.#.#(#
#####
#.J.......#
#<..#
......#J###
###.#########S#
#.........#.#
#########.#.#
#@hh# ###.# ###


You could see 2 jackals.

Vanquished Creatures
  A dart slug (D:1)
  A giant cockroach (D:1)
  A goblin (D:1)
  A hobgoblin (D:1)
  2 jackals (D:2)
  A quokka (D:1)
  2 ball pythons (D:1)
  A bat (D:1)
  A frilled lizard (D:1)
  3 kobolds (D:1)
  A rat (D:1)
15 creatures vanquished.

Vanquished Creatures (collateral kills)
  A rat (D:1)
1 creature vanquished.

Grand Total: 16 creatures vanquished

Notes
Turn   | Place    | Note
-------+----------+-------------------------------------------
     0 | D:1      | Gustavia the Demonspawn Necromancer began the quest for the
                  | Orb.
     0 | D:1      | Reached XP level 1. HP: 13/13 MP: 3/3
  1087 | D:1      | Gained mutation: Your demonic aura sometimes causes spilled
                  | blood to erupt in flames. [demonic ancestry]
  1087 | D:1      | Reached XP level 2. HP: 19/19 MP: 3/5
  1984 | D:2      | Noticed Terence
  1996 | D:2      | Slain by a jackal

Illustrated notes

Levels and vault maps discovered:
D:1:      mrwooster_arrival_statue_3, layout_loops_corners
D:2:      layout_basic, uniq_terence

Action                   || total
-------------------------++-------
Melee: Dagger            ||    12
 Cast: Necrotise         ||    31
  Use: Potion            ||     6
       Scroll            ||     4
Armor: Robe              ||     6
Dodge: Dodged            ||    26
